 Dungeon Crawl Stone Soup version 0.31.0-32-g396128a36d (webtiles) character file.

Game seed: 13650495234843329766

112 PaiMei the Grave Robber (level 4, -3/30 HPs)
             Began as a Demonspawn Necromancer on Apr 22, 2024.
             Killed by divine providence
             ... invoked by an orc priest
              (14 damage)
             ... on level 3 of the Dungeon.
             The game lasted 00:03:31 (3354 turns).

PaiMei the Grave Robber (Demonspawn Necromancer)    Turns: 3354, Time: 00:03:32

Health: -3/30      AC:  5    Str:  8    XL:     4   Next: 63%
Magic:  2/8        EV: 12    Int: 17    God:
Gold:   58         SH:  0    Dex: 14    Spells: 7/8 levels left

rFire   . . .        q - +3 dagger
rCold   . . .        (no shield)
rNeg    . . .        a - +0 robe
rPois   .            (no helmet)
rElec   .            s - +0 cloak
rCorr   .            h - +0 pair of gloves
SInv    .            j - +0 pair of boots
Will    .....        (no amulet)
Stlth   ++           (no ring)
HPRegen 0.25/turn    (no ring)
MPRegen 0.11/turn

%: no passive effects
@: no status effects
A: demonic touch 2
a: no special abilities


You were on level 3 of the Dungeon.
You visited 1 branch of the dungeon, and saw 4 of its levels.

You collected 58 gold pieces.

Inventory:

Hand Weapons
 c - a +0 whip
 q - a +3 dagger (weapon)
Missiles
 d - 5 poisoned darts
 m - 4 atropa-tipped darts (quivered)
Armour
 a - a +0 robe (worn)
 h - a +0 pair of gloves (worn)
 j - a +0 pair of boots (worn)
 s - a +0 cloak (worn)
Wands
 r - a wand of iceblast (8)
Scrolls
 e - 2 scrolls of enchant armour {unknown}
 f - a scroll of enchant weapon {unknown}
 i - a scroll of teleportation {unknown}
 k - a scroll of identify {unknown}
 l - a scroll of silence {unknown}
 n - a scroll of fear {unknown}
 t - a scroll of amnesia {unknown}
 u - a scroll of noise {unknown}
Potions
 b - a potion of magic
 g - a potion of attraction {unknown}
 o - a potion of haste {unknown}
 p - a potion of mutation {unknown}


   Skills:
 + Level 2.6 Dodging
 + Level 2.8 Stealth
 + Level 2.8 Spellcasting
 + Level 5.0 Necromancy


You had 7 spell levels left.
You knew the following spells:

 Your Spells              Type           Power      Damage    Failure   Level
a - Necrotise             Necr           76%        1d7       2%          1

Your spell library contained the following spells:

 Spells                   Type           Power      Damage    Failure   Level
 Vampiric Draining        Necr           19%        2d7       7%          3
 Animate Dead             Necr           19%        N/A       22%         4
 Hailstorm                Conj/Ice       2%         3d5       47%         3
 Summon Ice Beast         Ice/Summ       2%         N/A       47%         3
 Curse of Agony           Necr           19%        N/A       52%         5
 Sculpt Simulacrum        Ice/Alch       1%         N/A       100%        6


Dungeon Overview and Level Annotations

Branches:
Dungeon (4/15)
 Temple: D:4-7

Altars:

Shops:
D:2 =


Innate Abilities, Weirdness & Mutations

Your touch may inflict irresistible damage on your foes.


Message History

The orc closely misses you.
Casting: Necrotise (safe; 2% risk of failure)
Confirm with . or Enter, or press ? or * to list all spells.
Aiming: Necrotise (safe; 2% risk of failure)
Press: ? - help, Shift-Dir - straight line, f/p - orc
Aim: an orc, wielding a +0 hand axe and wearing a +0 leather armour (heavily wounded, chance to affect: 89%)
The orc writhes in agony!
You kill the orc!
The dead are walking!
You feel sick.
The orc priest mumbles some strange prayers to Beogh against you.
Pain shoots through your body! The adder bites you but does no damage.
The orc priest misses you.
Casting: Necrotise (safe; 2% risk of failure)
Confirm with . or Enter, or press ? or * to list all spells.
Aiming: Necrotise (safe; 2% risk of failure)
Press: ? - help, Shift-Dir - straight line, f - adder
Aim: an adder (chance to affect: 84%)
The adder writhes in agony.
You feel sick. The adder barely misses you. The orc priest barely misses you.
The adder barely misses you.
Casting: Necrotise (safe; 2% risk of failure)
Confirm with . or Enter, or press ? or * to list all spells.
Aiming: Necrotise (safe; 2% risk of failure)
Press: ? - help, Shift-Dir - straight line, f/p - adder
Aim: an adder (moderately wounded, chance to affect: 84%)
The adder writhes in agony.
You feel sick. The adder misses you. The orc priest misses you.
You feel sick. The adder bites you but does no damage.
Your orc skeleton closely misses the adder.
The orc priest looks braver for a moment.
You feel sick.
You are no longer poisoned.
The adder misses you. Something hits your orc skeleton.
The adder attacks as it pursues you! The adder closely misses you.
The adder bites you but does no damage.
The orc priest casts a cantrip, but nothing happens.
Your orc skeleton barely misses the orc priest.
The orc priest mumbles some strange prayers to Beogh against you.
Beogh smites you!
You die...

#..#..........#
#....).......######
##.)..?.....##...##
#..o.o......#.....##
.....####Z..##........#
#.## #o#.###.......#
#.#.###.......####
#S#..##......##..##
#.@...#(...........
#..###..#............
##. #....<..)...... #.
#.......)...... #.
####............. ..
...#............. ..
##.#............. ##
..............### #.
...............#


You could see 2 orc priests, an adder and a friendly orc skeleton.

Vanquished Creatures
  4 adders
  4 dart slugs
  2 ribbon worms
  3 orcs (D:3)
  3 ball pythons
  8 endoplasms
  A giant cockroach (D:2)
  8 goblins
  6 hobgoblins
  2 quokkas
  A bat (D:2)
  3 kobolds
  12 rats
57 creatures vanquished.

Vanquished Creatures (collateral kills)
  A ball python (D:1)
1 creature vanquished.

Grand Total: 58 creatures vanquished

Notes
Turn   | Place    | Note
-------+----------+-------------------------------------------
     0 | D:1      | PaiMei the Demonspawn Necromancer began the quest for the
                  | Orb.
     0 | D:1      | Reached XP level 1. HP: 13/13 MP: 3/3
   150 | D:1      | Gained mutation: Your touch may inflict minor irresistible
                  | damage on your foes. [demonic ancestry]
   150 | D:1      | Reached XP level 2. HP: 19/19 MP: 3/5
   913 | D:2      | Found Xiosocy's Jewellery Shop.
   928 | D:2      | Gained mutation: Your touch may inflict irresistible damage
                  | on your foes. [demonic ancestry]
   928 | D:2      | Reached XP level 3. HP: 20/24 MP: 1/6
  1047 | D:2      | You fall into a shaft and drop 2 floors!
  2248 | D:2      | Reached XP level 4. HP: 30/30 MP: 3/7
  2814 | D:2      | Reached skill level 5 in Necromancy
  3354 | D:3      | Killed from afar by an orc priest

Illustrated notes

Levels and vault maps discovered:
D:1:      dpeg_arrival_more_subterranean_lakeside_camping, layout_loops_ring
D:2:      layout_loops_corners, serial_shops, shop,
          chequers_serial_rivers_micro_c, kennysheep_path_1, kennysheep_potato
D:3:      layout_rooms, nicolae_hepliaklqana_ecumenical_no_more
D:4:      layout_loops_ring, st_stairs_10

Skill      XL: |  1  2  3  4 |
---------------+-------------+-----
Stealth        | 2 |  2.8
Dodging        | 2 |  2.6
Necromancy     | 5 |  5.0
Spellcasting   | |  2.8

Action                     |  1- 3 |  4- 6 || total
---------------------------+-------+-------++-------
  Melee: Whip              |     5 |       ||     5
         Touch             |     3 |       ||     3
   Cast: Necrotise         |    75 |    38 ||   113
 Armour: Robe              |     8 |     8 ||    16
  Dodge: Dodged            |    17 |    12 ||    29
